cohdb
Replays
Latest Replays
All Replays
Popular Replays
Top Player Replays
Match Explorer
How It Works
Community
CoH3 Stats
Reddit
Sign in to upload your games and track your stats! →
Sign in with Steam
Match 41765048
Unlisted
Match 41765048
Overview
Messages
Build Orders
End
Selects Airborne Battlegroup
Selects Pathfinders
Construct Weapon Support Center
Bazooka Squad
Engineer Squad
M1919 Machine Gun Team
Selects Paratrooper Squad Paradrop
Paratrooper Squad Paradrop
Engineer Squad
Paratrooper Squad Paradrop
Improved M9 Bazooka Rockets
Mechanized Support Center
Paratrooper Squad Paradrop
Construct Medical Station
M3 Armored Personnel Carrier
Selects Anti-tank Gun Team Paradrop
Engineer Squad
M1919 Machine Gun Team
.30 cal Machine Gun
Construct Tank Depot
Monseigneur
Otto
strike your finger
2908027075
(✺ω✺)chupacabra
pipiku
Turtleboy
Calm
0
0
Comments
sign in to comment!
No comments posted yet!